 Dungeon Crawl Stone Soup version 0.24.0-125-gc4c63601f3 (webtiles) character file.

Game seed: 14540233918845310295, levelgen mode: deterministic

3934 1994 the Archer (level 10, -6/88 HPs)
             Began as a Centaur Arcane Marksman on Mar 17, 2020.
             Was a Believer of Okawaru.
             Mangled by Harold
             ... wielding a +0 dire flail
              (8 damage)
             ... on level 9 of the Dungeon.
             The game lasted 00:39:21 (14660 turns).

1994 the Archer (Centaur Arcane Marksman)          Turns: 14660, Time: 00:39:21

Health: -6/88      AC:  9    Str: 14    XL:     10   Next: 1%
Magic:  11/11      EV: 13    Int: 12    God:    Okawaru [**....]
Gold:   318        SH:  0    Dex: 12    Spells: 10/11 levels left

rFire    + . .     SeeInvis .   A - +2 halberd (freeze)
rCold    . . .     Gourm    .   (shield currently unavailable)
rNeg     . . .     Faith    .   I - +3 leather armour {rF+}
rPois    .         Spirit   .   c - +0 helmet
rElec    .         Reflect  .   (no cloak)
rCorr    .         Harm     .   k - +0 pair of gloves
MR       .....                  (no barding)
Stlth    +.........             (no amulet)
HPRegen  0.24/turn              r - +1 ring of evasion
MPRegen  0.12/turn              (no ring)

@: lethally poisoned (-6 -> -17), marked, very quick
A: large, hooves 3, deformed body, speed 2, tough skin 3
a: Heroism, Renounce Religion


You were on level 9 of the Dungeon.
You worshipped Okawaru.
Okawaru was pleased with you.
You were not hungry.

You visited 2 branches of the dungeon, and saw 10 of its levels.

You collected 408 gold pieces.
You spent 90 gold pieces at shops.

Inventory:

Hand Weapons
 a - a +0 shortbow
 b - a +1 hunting sling of flaming
 A - a +2 halberd of freezing (weapon)
Missiles
 d - 101 arrows
 j - 161 stones (quivered)
 H - 61 sling bullets
Armour
 c - a +0 helmet (worn)
 k - a +0 pair of gloves (worn)
 I - a +3 leather armour of fire resistance (worn)
Jewellery
 r - a +1 ring of evasion (left hand)
 s - an uncursed ring of fire {unknown}
Wands
 e - a wand of random effects (45)
 v - a wand of enslavement (10)
 z - a wand of polymorph (6)
 J - a wand of digging (4)
 K - a wand of clouds (2)
Scrolls
 g - a scroll of immolation {unknown}
 h - a scroll of enchant weapon {unknown}
 i - 7 scrolls of remove curse
 m - a scroll of blinking {unknown}
 o - a scroll of fog {unknown}
 q - 6 scrolls of teleportation
 u - a scroll of amnesia {unknown}
 w - a scroll of noise {unknown}
 x - a scroll of enchant armour {unknown}
 y - a scroll of silence {unknown}
 C - a scroll of magic mapping
Potions
 l - 11 potions of curing
 n - 3 potions of invisibility
 p - 3 potions of lignification
 t - a potion of cancellation
 B - a potion of heal wounds
 D - a potion of magic
 F - a potion of brilliance
 G - a potion of berserk rage
Comestibles
 f - 16 rations
 E - 3 chunks of flesh


   Skills:
 + Level 7.6 Fighting
 + Level 4.7 Polearms
 + Level 10.2 Bows
 + Level 6.0 Dodging
 - Level 1.0 Spellcasting
 - Level 2.6 Hexes
 - Level 2.1 Invocations


You had 10 spell levels left.
You knew the following spells:

 Your Spells              Type           Power        Failure   Level  Hunger
a - Corona                Hex            #......      13%         1    ##.....

Your spell library contained the following spells:

 Spells                   Type           Power        Failure   Level  Hunger
 Slow                     Hex            #.......     19%         2    ###....
 Inner Flame              Hex/Fire       #.......     54%         3    ####...
 Portal Projectile        Hex/Tloc       #.....       54%         3    ####...
 Cause Fear               Hex            #.........   77%         4    #####..
 Leda's Liquefaction      Hex/Erth       #.........   91%         4    #####..


Dungeon Overview and Level Annotations

Branches:
Dungeon (9/15)             Temple (1/1) D:5            Lair (0/6) D:8
    Orc: D:9-12

Altars:
Ashenzari
Cheibriados
Dithmenos
Elyvilon
Fedhas
Gozag
Hepliaklqana
Kikubaaqudgha
Makhleb
Nemelex Xobeh
Okawaru
Qazlal
Ru
Sif Muna
Trog
Uskayaw
Vehumet
Wu Jian
Xom
Yredelemnul
Zin
The Shining One
Beogh

Shops:
D:4 :   D:5 (   D:6 !

Annotations:
D:9 Grum, Harold


Innate Abilities, Weirdness & Mutations

You have hooves in place of feet.
Armour fits poorly on your strangely shaped body.
You cover ground very quickly.
You have extremely tough skin. (AC +3)


Message History

You are poisoned.
The killer bee poisons you! The killer bee barely misses you.
Harold gestures at you while chanting. The mark upon you grows brighter.
The orc hits you with a cursed -3 hand axe.
* * * LOW HITPOINT WARNING * * *
Grum hits you from afar with a +1 glaive!
* * * LOW HITPOINT WARNING * * *
Unknown command.
You shred the net and break free!
You feel sick.
The killer bee stings you but does no damage.
The killer bee stings you.
* * * LOW HITPOINT WARNING * * *
You are lethally poisoned!
The killer bee poisons you!
The killer bee stings you but does no damage.
The killer bee misses you. The killer bee stings you.
* * * LOW HITPOINT WARNING * * *
Harold hits you with a +0 dire flail!
You die...

#..........# #.. .#
.. #...?......##
.... .≈. ^≈
#...........
###..≈#≈ ._
...........##
............####
#..............#
#........gh###g#
#####
#.....yyo.#h#......
#.....y@@.#...####
#.......)..........
#.........#########
#...........#
###...........
#....>....###
###########


You could see Harold, Grum, a wolf, 3 killer bees and an orc.

Vanquished Creatures
  Pikel (D:3)
  Joseph (D:7)
  2 ice beasts
  A necrophage (D:7)
  4 orc warriors (D:7)
  A phantom (D:7)
  A sky beast (D:6)
  4 slaves
  3 ogres
  A wolf (D:8)
  4 centaurs
  4 bullfrogs (D:7)
  A water moccasin zombie (D:5)
  3 wights (D:6)
  A howler monkey (D:5)
  5 crimson imps
  A centaur zombie (D:8)
  A bullfrog zombie (D:5)
  3 jellies
  2 hounds
  8 orc wizards
  6 orc priests
  An iguana (D:4)
  Natasha (twice) (D:4)
  5 worker ants
  Robin (D:4)
  6 adders
  3 worms
  3 dart slugs
  4 leopard geckos
  21 orcs
  8 bats
  8 giant cockroaches
  16 goblins
  9 hobgoblins
  9 jackals
  9 kobolds
  5 quokkas
  2 ball pythons
  2 frilled lizards
  A jackal zombie (D:7)
  9 rats
182 creatures vanquished.

Notes
Turn   | Place    | Note
-------+----------+-------------------------------------------
     0 | D:1      | 1994 the Centaur Arcane Marksman began the quest for the
                  | Orb.
     0 | D:1      | Reached XP level 1. HP: 16/16 MP: 2/2
   287 | D:1      | Reached skill level 3 in Bows
   291 | D:1      | Reached XP level 2. HP: 14/23 MP: 3/3
  1304 | D:2      | Reached XP level 3. HP: 29/29 MP: 4/4
  2025 | D:2      | Reached skill level 4 in Bows
  2179 | D:2      | Found a snail-covered altar of Cheibriados.
  2179 | D:2      | Found a glowing silver altar of Zin.
  2389 | D:3      | Reached XP level 4. HP: 31/36 MP: 5/5
  2786 | D:3      | Found a shattered altar of Ashenzari.
  3522 | D:4      | Found Qeosa's Book Shop.
  3538 | D:4      | Reached XP level 5. HP: 39/44 MP: 6/6
  3653 | D:4      | Noticed Robin
  3700 | D:4      | Killed Robin
  3801 | D:4      | Noticed Natasha
  3819 | D:4      | Killed Natasha
  4040 | D:4      | Noticed a slave
  4040 | D:4      | Noticed a slave
  4051 | D:4      | Noticed Pikel
  4053 | D:4      | Noticed a slave
  4056 | D:4      | Noticed a slave
  4134 | D:4      | Killed a slave
  4333 | D:3      | Killed a slave
  4537 | D:3      | Killed a slave
  4660 | D:3      | Killed a slave
  5028 | D:3      | Killed Pikel
  5028 | D:3      | Reached skill level 6 in Bows
  5028 | D:3      | Reached XP level 6. HP: 43/53 MP: 7/7
  5028 | D:3      | Reached XP level 7. HP: 48/60 MP: 8/8
  5176 | D:4      | Noticed Natasha
  5197 | D:4      | Killed Natasha
  5734 | D:4      | Found a burning altar of Makhleb.
  6020 | D:5      | Entered Level 5 of the Dungeon
  6083 | D:5      | Reached skill level 7 in Bows
  6279 | D:5      | Found an opulent altar of Gozag.
  6288 | D:5      | Reached skill level 5 in Fighting
  6636 | D:5      | Found a staircase to the Ecumenical Temple.
  6655 | D:5      | Reached XP level 8. HP: 58/68 MP: 9/9
  6687 | Temple   | Entered the Ecumenical Temple
  6873 | Temple   | Became a worshipper of Warmaster Okawaru
  7219 | D:5      | Reached skill level 1 in Polearms
  7486 | D:5      | Found Tina's Antique Weapon Shoppe.
  7864 | D:6      | Reached skill level 8 in Bows
  8181 | D:6      | Found a shadowy altar of Dithmenos.
  8237 | D:6      | Found Zengy's Distillery.
  8240 | D:6      | Bought a potion of degeneration for 15 gold pieces
  8247 | D:6      | Bought a potion of heal wounds for 75 gold pieces
  8313 | D:6      | Reached * piety under Okawaru
  8475 | D:6      | Reached skill level 1 in Invocations
  8740 | D:7      | Noticed Joseph
  9502 | D:7      | Reached skill level 5 in Dodging
  9502 | D:7      | Reached XP level 9. HP: 77/77 MP: 10/10
  9521 | D:7      | Found a white marble altar of Elyvilon.
  9655 | D:7      | Found a transporter.
  9667 | D:7      | Found a roughly hewn altar of Beogh.
  9667 | D:7      | Found a transporter.
  9753 | D:7      | Killed Joseph
  9753 | D:7      | Reached skill level 9 in Bows
 10225 | D:7      | Found an opulent altar of Gozag.
 10801 | D:7      | Reached ** piety under Okawaru
 12942 | D:8      | Reached skill level 10 in Bows
 13678 | D:8      | Found a staircase to the Lair.
 13989 | D:9      | Found a shimmering altar of Xom.
 13990 | D:9      | Found a shimmering altar of Xom.
 14084 | D:9      | Noticed Grum
 14085 | D:9      | Noticed Harold
 14460 | D:8      | Reached XP level 10. HP: 50/88 MP: 11/11
 14643 | D:9      | HP: 1/88 [Grum/+1 glaive (4)]
 14660 | D:9      | HP: 2/88 [killer bee (4)]
 14660 | D:9      | Mangled by Harold

Levels and vault maps discovered:
D:1:      tarquinn_simple_flora_water_e, layout_basic, serial_bayou_pond_e
D:2:      layout_rooms, gammafunk_temple_overflow_statue
D:3:      layout_loops_corners, lemuel_crystal_altar
D:4:      cheibrodos_old_hovel, layout_loops_cross, lemuel_round_altar,
          serial_shops, nicolae_shop_crystal, first_ration, uniq_pikel,
          uniq_natasha, uniq_robin
D:5:      layout_basic, minmay_temple_entry_stoned_glass, serial_shops, shop,
          grunt_gozag_statues
D:6:      layout_basic, nicolae_dithmenos_the_darkroom, serial_shops,
          nicolae_shop_behind_doors, chequers_serial_rivers_micro_d
D:7:      gammafunk_beogh_shrine, layout_basic, nicolae_overflow_crystal_walls,
          kennysheep_mini_moat, uniq_joseph
D:8:      layout_loops_ring, lair_entry_dummy
D:9:      layout_rooms, xom_redecorated, uniq_harold, uniq_erica, uniq_grum
Temple:   eino_temple_water

Skill      XL: |  1  2  3  4  5  6  7  8  9 |
---------------+----------------------------+-----
Bows           | 3 4 6 7 8 10 | 10.2
Dodging        | 2 3 4 5 6 |  6.0
Fighting       | 2 4 5 6 7 |  7.6
Polearms       | 2 4 |  4.7
Invocations    | 2 |  2.1
Spellcasting   | |  1.0
Hexes          | |  2.6

Action                   |  1- 3 |  4- 6 |  7- 9 | 10-12 || total
-------------------------+-------+-------+-------+-------++-------
Melee: Unarmed           |   138 |       |       |       ||   138
       Kick              |    30 |    25 |     8 |     2 ||    65
       Dagger            |    34 |    91 |       |       ||   125
       Whip              |       |       |     5 |       ||     5
       Halberd           |       |       |    45 |     3 ||    48
       Hunting sling     |       |       |     5 |       ||     5
 Fire: Shortbow          |    16 |     5 |    68 |       ||    89
       Hunting sling     |       |   164 |   686 |       ||   850
Invok: Heroism           |       |       |     1 |       ||     1
  Use: Scroll            |     2 |       |    10 |       ||    12
       Potion            |       |       |       |     1 ||     1
 Stab: Confused          |       |       |     1 |       ||     1
  Eat: Chunk             |     3 |     5 |    23 |     1 ||    32
       Ration            |       |     1 |       |       ||     1
Armor: Robe              |    69 |    30 |    68 |       ||   167
       Leather armour    |       |       |    75 |     9 ||    84
Dodge: Dodged            |    95 |    55 |   261 |    23 ||   434
